AoeStats
← lSLIPPYl

Black Forest

506019725Analyzed
3v3 RM · 21d ago on Sep 12, 2026· 81m 23s· 6 players
Game mode
Random Map
Map size
Normal (6 player)
Population
200
Speed
Normal
Resources
Standard
Victory
Conquest
Starting age
Dark Age
Ending age
Imperial Age
RankedLock teamsTeams togetherTeam positionsShared explorationLock speedFull tech treeHidden civsTurbo modeCheats
Victory
Defeat
🇵🇪 Franks · Peru
794
+13
🇨🇦 Mongols · Canada
764
+14
🇨🇱 Huns · Chile
728
+16
🇺🇸 Armenians · United States
786
-21
🇺🇸 Dravidians · United States
712
-14
🇺🇸 Teutons · United States
686
-13
dark fader
0:29 Loom
11:34 Feudal Age
12:32 Double-Bit Axe
15:11 Wheelbarrow
14:23 Town Watch
14:20 Horse Collar
18:00 Fletching
18:20 Forging
18:06 Gold Mining
28:09 Castle Age
27:05 Arson
26:40 Man-at-Arms
28:08 Stone Mining
28:12 Gold Mining
28:24 Padded Archer Armor
28:24 Scale Mail Armor
28:30 Scale Barding Armor
29:43 Bodkin Arrow
30:27 Stone Shaft Mining
30:06 Bow Saw
30:48 Fortified Wall
31:51 Heavy Plow
32:26 Ballistics
32:08 Pikeman
32:48 Squires
34:55 Gold Shaft Mining
34:29 Murder Holes
34:26 Guard Tower
34:26 Long Swordsman
36:23 Hand Cart
36:20 Nomads
36:49 Fervor
37:37 Masonry
38:59 Caravan
39:30 Coinage
39:25 Town Patrol
39:46 Thumb Ring
39:01 Crossbowman
39:02 Elite Skirmisher
43:46 Imperial Age
42:22 Iron Casting
42:20 Leather Archer Armor
42:52 Chain Mail Armor
42:57 Chain Barding Armor
44:01 Husbandry
44:29 Bloodlines
44:54 Conscription
44:03 Elite Mangudai
46:04 Chemistry
45:34 Bracer
46:50 Blast Furnace
45:36 Two-Handed Swordsman
46:51 Drill
47:30 Parthian Tactics
46:31 Light Cavalry
48:04 Hoardings
47:13 Heavy Camel Rider
48:36 Plate Mail Armor
48:07 Sappers
49:40 Champion
50:33 Devotion
50:30 Herbal Medicine
50:55 Heresy
50:36 Atonement
52:16 Elite Steppe Lancer
57:44 Banking
58:28 Heavy Scorpion
58:28 Onager
58:28 Capped Ram
62:03 Siege Ram
72:55 Siege Onager
74:01 Hussar
l.zevallos
3:05 Loom
11:41 Feudal Age
12:17 Double-Bit Axe
14:01 Gold Mining
36:36 Castle Age
35:49 Man-at-Arms
46:20 Bow Saw
57:16 Caravan
59:20 Wheelbarrow
60:30 Husbandry
65:58 Gold Shaft Mining
72:15 Scale Barding Armor
72:21 Forging
75:36 Imperial Age
74:13 Chain Barding Armor
74:32 Iron Casting
76:17 Hand Cart
75:48 Town Watch
76:10 Cavalier
79:28 Paladin
82:13 Plate Barding Armor
82:40 Blast Furnace
M374LS0UL
0:36 Loom
2:13 Loom
12:43 Feudal Age
14:19 Horse Collar
14:26 Double-Bit Axe
14:35 Gold Mining
14:35 Stone Mining
15:23 Wheelbarrow
14:36 Town Watch
21:07 Man-at-Arms
21:37 Arson
25:23 Bloodlines
25:45 Scale Barding Armor
25:50 Forging
25:31 Fletching
25:47 Padded Archer Armor
26:30 Scale Mail Armor
31:14 Castle Age
32:04 Bow Saw
31:55 Heavy Plow
32:40 Gold Shaft Mining
32:10 Caravan
33:41 Hand Cart
34:05 Iron Casting
33:50 Chain Barding Armor
36:07 Fervor
36:17 Sanctity
36:43 Husbandry
36:04 Light Cavalry
38:35 Thumb Ring
39:14 Chain Barding Armor
39:23 Bodkin Arrow
39:53 Leather Archer Armor
43:13 Town Patrol
44:33 Chain Mail Armor
50:13 Masonry
49:59 Murder Holes
50:24 Ballistics
52:49 Imperial Age
52:43 Coinage
54:40 Two-Man Saw
54:42 Blast Furnace
54:17 Plate Barding Armor
53:44 Bracer
54:47 Chemistry
54:14 Parthian Tactics
53:20 Cavalier
53:20 Hussar
53:23 Heavy Cavalry Archer
54:38 Conscription
54:38 Atheism
54:19 Marauders
53:58 Sappers
54:59 Guilds
54:28 Elite Tarkan
57:33 Paladin
Stopgriping
6:41 Loom
11:11 Feudal Age
11:53 Double-Bit Axe
11:35 Man-at-Arms
16:05 Long Swordsman
17:11 Scale Mail Armor
17:19 Horse Collar
20:57 Forging
27:31 Arson
30:39 Castle Age
31:58 Bow Saw
31:19 Two-Handed Swordsman
32:35 Squires
32:22 Gambesons
32:57 Heavy Plow
33:38 Chain Mail Armor
38:00 Iron Casting
40:34 Champion
42:30 Gold Mining
47:06 Fletching
48:31 Elite Skirmisher
51:16 Bodkin Arrow
52:48 Wheelbarrow
52:24 Padded Archer Armor
53:58 Hand Cart
59:07 Imperial Age
59:14 Leather Archer Armor
61:06 Blast Furnace
60:38 Plate Mail Armor
62:28 Fereters
63:01 Bracer
63:32 Ring Archer Armor
67:13 Scale Barding Armor
67:25 Pikeman
69:53 Chemistry
69:16 Ballistics
69:07 Masonry
69:58 Chemistry
76:55 Halberdier
Sinister Yankee
4:47 Loom
13:09 Feudal Age
13:36 Double-Bit Axe
19:42 Castle Age
19:22 Stone Mining
19:26 Gold Mining
20:00 Fletching
20:52 Bow Saw
21:08 Bodkin Arrow
22:08 Horse Collar
22:20 Town Watch
23:39 Stone Shaft Mining
24:50 Caravan
26:05 Wheelbarrow
27:16 Crossbowman
30:34 Hand Cart
30:32 Padded Archer Armor
30:38 Heavy Plow
31:15 Elite Skirmisher
32:30 Ballistics
32:21 Fortified Wall
32:46 Redemption
38:03 Imperial Age
36:43 Bloodlines
36:42 Scale Barding Armor
36:48 Forging
36:55 Leather Archer Armor
36:06 Pikeman
36:48 Squires
36:10 Man-at-Arms
37:19 Town Patrol
37:24 Arson
38:34 Sanctity
38:33 Gambesons
38:10 Long Swordsman
39:10 Guard Tower
39:31 Masonry
39:37 Fervor
40:11 Crenellations
40:14 Conscription
40:31 Hoardings
41:04 Block Printing
41:16 Illumination
41:56 Chemistry
40:42 Arrowslits
40:34 Capped Ram
42:50 Two-Man Saw
42:54 Ironclad
42:03 Two-Handed Swordsman
43:38 Ring Archer Armor
43:28 Chain Barding Armor
43:44 Iron Casting
43:10 Scale Mail Armor
44:37 Crop Rotation
44:05 Onager
46:15 Theocracy
45:49 Siege Engineers
46:24 Champion
46:25 Halberdier
47:34 Elite Teutonic Knight
49:28 Siege Onager
53:53 Blast Furnace
53:09 Chain Mail Armor
53:29 Plate Barding Armor
52:27 Cavalier
57:53 Plate Mail Armor
66:53 Paladin
lSLIPPYl
8:51 Loom
12:22 Feudal Age
13:48 Wheelbarrow
13:36 Double-Bit Axe
13:44 Man-at-Arms
17:09 Arson
22:12 Gold Mining
27:00 Castle Age
27:16 Scale Mail Armor
27:29 Forging
28:06 Hand Cart
27:17 Long Swordsman
27:47 Gambesons
28:19 Pikeman
33:00 Squires
33:20 Chain Mail Armor
33:42 Iron Casting
34:45 Thumb Ring
36:30 Bow Saw
42:02 Elite Skirmisher
44:36 Horse Collar
44:49 Stone Mining
50:57 Imperial Age
51:36 Ballistics
51:13 Murder Holes
51:28 Padded Archer Armor
51:19 Fletching
51:07 Two-Handed Swordsman
51:56 Champion
51:59 Halberdier
54:53 Two-Man Saw
53:57 Caravan
55:22 Chemistry
60:53 Plate Mail Armor
61:24 Blast Furnace
60:40 Leather Archer Armor
60:20 Bodkin Arrow
64:33 Elite Elephant Archer
Connection lost

Rejoining the realm…

Still unreachable

The connection could not be restored.

Session expired

The server has moved on; the page needs a fresh start.